 Dungeon Crawl Stone Soup version 0.30-a0-1075-gcd70e7a56d (webtiles) character file.

Game seed: 14680325250192909962

67 xian the Chopper (level 4, -1/37 HPs)
             Began as a Minotaur Gladiator on Apr 15, 2023.
             Killed by nerve-wracking pain
             ... invoked by an orc priest
              (11 damage)
             ... on level 3 of the Dungeon.
             The game lasted 00:02:44 (1228 turns).

xian the Chopper (Minotaur Gladiator)               Turns: 1228, Time: 00:02:45

Health: -1/37      AC:  3    Str: 21    XL:     4   Next: 0%
Magic:  3/3        EV: 17    Int:  5    God:
Gold:   146        SH:  0    Dex: 11    Spells: 3/3 levels left

rFire   . . .      SeeInvis .    a - +0 war axe
rCold   . . .      Faith    .    (no shield)
rNeg    . . .      Spirit   .    b - +0 leather armour
rPois   .          Reflect  .    c - +0 hat
rElec   .          Rampage  .    (no cloak)
rCorr   .                        (no gloves)
Will    .....                    (no boots)
Stlth   +                        (no amulet)
HPRegen 0.26/turn                r - +5 ring of evasion
MPRegen 0.08/turn                (no ring)

@: no status effects
A: horns 2, retaliatory headbutt
a: no special abilities


You were on level 3 of the Dungeon.
You visited 1 branch of the dungeon, and saw 3 of its levels.

You collected 146 gold pieces.

Inventory:

Hand Weapons
 a - a +0 war axe (weapon)
Missiles
 d - 3 throwing nets
 e - 10 javelins
 k - 30 stones (quivered)
Armour
 b - a +0 leather armour (worn)
 c - a +0 hat (worn)
Jewellery
 r - a +5 ring of evasion (left hand)
Scrolls
 f - 2 scrolls of vulnerability {unknown}
 g - a scroll of fog {unknown}
 h - a scroll of amnesia {unknown}
 i - a scroll of identify {unknown}
 l - a scroll of enchant weapon {unknown}
 m - a scroll of teleportation {unknown}
 n - a scroll of poison {unknown}
 p - a scroll of enchant armour {unknown}
 q - a scroll of summoning {unknown}
 t - a scroll of fear {unknown}
Potions
 j - a potion of berserk rage {unknown}
 o - a potion of curing {unknown}
 s - a potion of heal wounds {unknown}
 u - a potion of cancellation {unknown}


   Skills:
 + Level 2.9 Fighting
 + Level 5.0 Axes
 + Level 2.0 Throwing
 + Level 1.2 Armour
 + Level 3.7 Dodging


You had 3 spell levels left.
You didn't know any spells.
Your spell library contained the following spells:

 Spells                   Type           Power      Damage    Failure   Level
 Summon Guardian Golem    Hex/Summ       0%         N/A       88%         3
 Orb of Destruction       Conj           0%         9d5       100%        7
 Spellforged Servitor     Conj/Summ      0%         N/A       100%        7


Dungeon Overview and Level Annotations

Branches:
Dungeon (3/15)

Altars:


Innate Abilities, Weirdness & Mutations

You have a pair of horns on your head.
You reflexively headbutt those who attack you in melee.


Message History

Your Axes skill increases to level 5!
You see here an adder corpse.
u - a coppery potion
Found a whip and a war axe.
A quokka comes into view.
Found a stone staircase leading down.
Found a stone staircase leading down.
An orc priest comes into view. It is wielding a +0 trident.
Found a cyan potion.
The orc priest shouts!
The quokka bites you.
The orc priest miscasts a cantrip.
You slash the quokka!
You kill the quokka!
An orc priest comes into view. It is wielding a +0 falchion.
You have reached level 4!
You feel stronger.
An orc comes into view. It is wielding a +0 flail.
The orc priest shouts!
The orc shouts!
You hear a shout! x2
The orc priest invokes the aid of Beogh against you.
Pain shoots through your body!
The orc priest casts a cantrip, but nothing happens.
An orc comes into view. It is wielding a +0 flail.
You closely miss the orc priest.
The orc priest mumbles some strange prayers to Beogh against you.
Beogh smites you!
You barely miss the orc priest. The orc priest barely misses you.
You furiously retaliate!
You headbutt the orc priest!
An orc comes into view. It is wielding a +0 club.
Okay, then.
You hit the orc priest but do no damage.
You headbutt the orc priest, but do no damage.
The orc priest is heavily wounded.
You hit the orc priest.
The orc priest invokes the aid of Beogh against you.
Pain shoots through your body!
* * * LOW HITPOINT WARNING * * *
The orc priest invokes the aid of Beogh against you.
Pain shoots through your body!
You die...

#......†...###..#......
#..............#.......
#......†........)# .!..
#......†.......##..>...
######....#.....#......
#.........<........
#..<...............
.......##......).......
......# #...@..........
...... #..oo..........
...... #..o......>....
...... #.o.............
..... #.#...!.........
...# #o##.....#..... #
#...####... ..#.# ##


You could see 2 orc priests and 3 orcs.

Vanquished Creatures
  3 adders
  4 endoplasms (D:1)
  2 giant cockroaches
  6 goblins
  4 hobgoblins
  2 quokkas
  4 ball pythons
  4 bats
  3 frilled lizards
  3 kobolds
  4 rats
39 creatures vanquished.

Notes
Turn   | Place    | Note
-------+----------+-------------------------------------------
     0 | D:1      | xian the Minotaur Gladiator began the quest for the Orb.
     0 | D:1      | Reached XP level 1. HP: 18/18 MP: 0/0
    66 | D:1      | Reached skill level 4 in Axes
    72 | D:1      | Reached XP level 2. HP: 25/25 MP: 1/1
   190 | D:1      | You fall into a shaft and drop 1 floor!
   714 | D:2      | Reached XP level 3. HP: 27/30 MP: 2/2
  1136 | D:2      | Reached skill level 1 in Armour
  1210 | D:3      | Reached skill level 5 in Axes
  1223 | D:3      | Reached XP level 4. HP: 33/37 MP: 3/3
  1228 | D:3      | Killed from afar by an orc priest

Illustrated notes

Levels and vault maps discovered:
D:1:      dpeg_arrival_rooms_with_view, layout_rooms, kennysheep_small_spiral,
          minmay_pentomino_r4
D:2:      layout_basic, minmay_misc_feat_tiny, minivault_19
D:3:      layout_rooms, mainiacjoe_overflow_six_doors_small,
          mainiacjoe_overflow_tiny_flanked, serial_shops,
          nicolae_shop_hallway_stairs

Skill      XL: |  1  2  3 |
---------------+----------+-----
Axes           | 4 5 |  5.0
Armour         | 1 |  1.2
Fighting       | |  2.9
Throwing       | |  2.0
Dodging        | |  3.7

Action                     |  1- 3 |  4- 6 || total
---------------------------+-------+-------++-------
  Melee: War axe           |    76 |     3 ||    79
         Headbutt          |     5 |     1 ||     6
  Throw: Stone             |     8 |       ||     8
 Armour: Leather armour    |    19 |       ||    19
  Dodge: Dodged            |    59 |     1 ||    60

Table legend: (Time is in decaauts)
 A = Elapsed time spent in this place.
 B = Non-inter-level travel time spent in this place.
 C = Inter-level travel time spent in this place.
 D = Time resting spent in this place.
 E = Time spent auto-exploring this place.
 F = Levels seen in this place.
 G = Mean time per level.
                   A        B        C        D        E       F      G
               +--------+--------+--------+--------+--------+-----+--------+
         Total |   1248 |   1195 |     53 |      0 |    820 |   3 |  416.0 |
       Dungeon |   1248 |   1195 |     53 |      0 |    820 |   3 |  416.0 |
               +--------+--------+--------+--------+--------+-----+--------+

Top non-repeatable levels by time:
     D:1: 657 daAuts
     D:2: 560 daAuts
     D:3: 30 daAuts
